 Dungeon Crawl Stone Soup version 0.31.0-12-g77e489cdc1 (webtiles) character file.

Game seed: 15693017437725731377

151 monsoonserge the Cutter (level 5, 0/28 HPs)
             Began as a Spriggan Monk on Feb 22, 2024.
             Was a Priest of Lugonu.
             Killed from afar by Ijyb (6 damage)
             ... with a puff of flame
             ... on level 4 of the Dungeon.
             The game lasted 00:09:44 (3178 turns).

monsoonserge the Cutter (Spriggan Monk)             Turns: 3178, Time: 00:09:45

Health: 0/28       AC:  2    Str:  7    XL:     5   Next: 11%
Magic:  0/6        EV: 19    Int: 12    God:    Lugonu [***...]
Gold:   148        SH:  5    Dex: 19    Spells: 4/4 levels left

rFire   . . .        a - +0 short sword
rCold   . . .        q - +0 buckler
rNeg    . . .        b - +0 robe
rPois   .            (helmet restricted)
rElec   .            (no cloak)
rCorr   +            (gloves unavailable)
SInv    +            (boots unavailable)
Will    .....        h - amulet of guardian spirit
Stlth   ++           x - ring of resist corrosion
HPRegen 0.24/turn    y - ring of flight
MPRegen 0.10/turn

%: guardian spirit
@: flying, very quick
A: very small, no large weapons, unfitting armour, see invisible, speed 3
a: Renounce Religion, Depart the Abyss, Banish


You were on level 4 of the Dungeon.
You worshipped Lugonu.
Lugonu was most pleased with you.
You visited 1 branch of the dungeon, and saw 4 of its levels.

You collected 148 gold pieces.

Inventory:

Hand Weapons
 a - a +0 short sword (weapon)
 l - a +0 orcbow
Missiles
 u - 5 darts of dispersal
 w - 2 poisoned darts (quivered)
Armour
 b - a +0 robe (worn)
 d - an orb of light
 q - a +0 buckler (worn)
Jewellery
 h - an amulet of guardian spirit (around neck)
 x - a ring of resist corrosion (left hand)
 y - a ring of flight (right hand)
Scrolls
 g - 6 scrolls of identify {unknown}
 m - a scroll of fog {unknown}
 n - a scroll of torment {unknown}
 o - a scroll of teleportation {unknown}
 p - 2 scrolls of blinking {unknown}
 t - a scroll of amnesia {unknown}
 v - a scroll of immolation {unknown}
Potions
 c - 2 potions of ambrosia
 e - a potion of might
 f - 2 potions of enlightenment {unknown}
 i - a potion of invisibility {unknown}
 j - a potion of degeneration {unknown}
 k - a potion of cancellation {unknown}
 r - a potion of curing {unknown}
 s - a potion of brilliance {unknown}


   Skills:
 + Level 2.9 Fighting
 * Level 5.0 Short Blades
 - Level 0.2 Ranged Weapons
 + Level 4.8 Dodging
 + Level 1.5 Stealth
 * Level 0.5 Shields
 * Level 0.8 Invocations


You had 4 spell levels left.
You didn't know any spells.
Your spell library contained the following spells:

 Spells                   Type           Power      Damage    Failure   Level
 Sublimation of Blood     Necr           0%         N/A       63%         2
 Petrify                  Alch/Erth      0%         N/A       99%         4
 Irradiate                Conj/Alch      0%         3d11      100%        5


Dungeon Overview and Level Annotations

Branches:
Dungeon (4/15)
 Temple: D:4-7

Altars:
Makhleb
Lugonu

Annotations:
D:3 Terence
D:4 Grinder, Ijyb


Innate Abilities, Weirdness & Mutations

You are very small and have problems with some larger weapons.
You are too small for most types of armour.
You have supernaturally acute eyesight. (SInv)
You cover ground extremely quickly. (Speed+++)


Message History

There is an open door here.
Grinder shouts!
You hear an angry hiss.
There is an open door here.
You reach down and close the door.
There is an open door here.
You reach down and close the door.
You reach down and open the door.
There is an open door here.
You reach down and open the door.
Ijyb the Twisted Goblin comes into view.
She is wielding a +0 dagger and carrying a wand of flame.
Found an escape hatch in the ceiling.
Ijyb zaps a wand.
The puff of flame hits you.
There is an open door here.
You hit Ijyb.
Ijyb is lightly wounded.
Ijyb misses you.
You closely miss Ijyb.
Ijyb is lightly wounded.
Ijyb hits you with a +0 dagger.
You hit Ijyb.
Ijyb is lightly wounded.
Ijyb zaps a wand.
The puff of flame hits you!
You hit Ijyb.
Ijyb is moderately wounded.
You barely miss Ijyb.
Ijyb is moderately wounded.
Ijyb closely misses you.
You hit Ijyb.
Ijyb is heavily wounded.
Ijyb hits you with a +0 dagger.
You closely miss Ijyb.
Ijyb is heavily wounded.
Ijyb closely misses you.
You hit Ijyb but do no damage.
Ijyb is heavily wounded.
Ijyb zaps a wand.
The puff of flame hits you.
* * * LOW HITPOINT WARNING * * *
There is an escape hatch in the ceiling here.
Ijyb zaps a wand.
The puff of flame hits you!
You die...

########## #........#####
#......g.'...####
#........#......#
#........#......#
#.....@..#......#
##'#.#.....####......#
#....#.#### #......#
....#.# #..5...# ...#.#
#......#
..#.##########'####
#.#.##....# #.#
...###.#.##....####.#######
...5......+....+.......>...


You could see Ijyb.

Vanquished Creatures
  A jelly (D:4)
  Robin (D:3)
  A gnoll (D:1)
  An ufetubus (D:3)
  A dart slug (D:3)
  2 ribbon worms
  2 orcs
  3 ball pythons
  6 endoplasms
  4 giant cockroaches
  12 goblins
  9 hobgoblins
  12 jackals (D:1)
  4 quokkas
  3 bats
  5 frilled lizards
  4 kobolds
  4 rats
75 creatures vanquished.

Notes
Turn   | Place    | Note
-------+----------+-------------------------------------------
     0 | D:1      | monsoonserge the Spriggan Monk began the quest for the Orb.
     0 | D:1      | Reached XP level 1. HP: 11/11 MP: 2/2
   149 | D:1      | Reached XP level 2. HP: 12/16 MP: 3/3
   295 | D:1      | Reached skill level 4 in Short Blades
   295 | D:1      | Reached XP level 3. HP: 17/19 MP: 4/4
  1416 | D:3      | Found a faded altar of an unknown god.
  1424 | D:3      | Prayed at the altar of an unknown god.
  1424 | D:3      | Became a worshipper of Lugonu the Unformed
  1424 | D:3      | Reached * piety under Lugonu
  1424 | D:3      | Reached ** piety under Lugonu
  1447 | D:3      | Reached skill level 1 in Stealth
  1469 | D:3      | Noticed Robin
  1492 | D:2      | Reached XP level 4. HP: 18/23 MP: 2/5
  1492 | D:2      | Reached *** piety under Lugonu
  1854 | D:3      | Noticed Terence
  2113 | D:3      | Killed Robin
  2218 | D:3      | Found a faded altar of an unknown god.
  2221 | D:3      | Found a burning altar of Makhleb.
  2690 | D:4      | Noticed Grinder
  2906 | D:4      | Reached skill level 5 in Short Blades
  2906 | D:4      | Reached XP level 5. HP: 22/28 MP: 4/6
  3165 | D:4      | Noticed Ijyb
  3178 | D:4      | Killed from afar by Ijyb

Illustrated notes

Levels and vault maps discovered:
D:1:      tarquinn_simple_flora_water_c, layout_basic
D:2:      layout_rooms, serial_forest, infiniplex_forest_lined_3_way,
          infiniplex_forest_end_2, infiniplex_forest_side_room,
          infiniplex_forest_clump_tiny, infiniplex_forest_clump_curved
D:3:      minmay_razor_zed, layout_loops_corners,
          nicolae_overflow_ecumenical_swirl,
          shapermc_ecumenical_altar_mp_urbaneastern, uniq_terence, uniq_robin
D:4:      layout_basic, dreamdust_princess_corridor, uniq_edmund, uniq_ijyb,
          uniq_grinder

Skill      XL: |  1  2  3  4 |
---------------+-------------+-----
Short Blades   | 4 5 |  5.0
Stealth        | 1 |  1.5
Fighting       | |  2.9
Ranged Weapons | |  0.2
Dodging        | |  4.8
Shields        | |  0.5
Invocations    | |  0.8

Action                     |  1- 3 |  4- 6 || total
---------------------------+-------+-------++-------
  Melee: Short sword       |   168 |   129 ||   297
   Fire: Orcbow            |     8 |       ||     8
  Throw: Dart              |       |     1 ||     1
    Use: Potion            |       |     1 ||     1
   Stab: Sleeping          |     2 |     4 ||     6
 Armour: Robe              |    35 |    36 ||    71
  Dodge: Dodged            |   112 |    92 ||   204
  Block: Buckler           |     1 |    21 ||    22
